 Dungeon Crawl Stone Soup version 0.30.2 (webtiles) character file.

Game seed: 2757589467151310072

156 porpoise the Poker (level 5, 0/61 HPs)
             Began as a Merfolk Gladiator on Jan 24, 2024.
             Killed by nerve-wracking pain
             ... invoked by Grinder
              (14 damage)
             ... on level 3 of the Dungeon.
             The game lasted 00:05:26 (2472 turns).

porpoise the Poker (Merfolk Gladiator)              Turns: 2472, Time: 00:05:26

Health: 0/61       AC:  6    Str: 17    XL:     5   Next: 38%
Magic:  5/5        EV: 12    Int:  7    God:
Gold:   102        SH:  0    Dex: 15    Spells: 4/4 levels left

rFire   . . .        a - +0 trident
rCold   . . .        (no shield)
rNeg    . . .        f - +0 ring mail
rPois   .            c - +0 helmet
rElec   .            (no cloak)
rCorr   +            (no gloves)
SInv    .            (no boots)
Will    .....        (no amulet) Stlth
                     h - ring of flight
HPRegen 0.30/turn    j - ring of resist corrosion
MPRegen 0.09/turn

%: no passive effects
@: berserking, flying, very quick
A: (nimble swimmer 2), mertail
a: no special abilities


You were on level 3 of the Dungeon.
You visited 1 branch of the dungeon, and saw 3 of its levels.

You collected 102 gold pieces.

Inventory:

Hand Weapons
 a - a +0 trident (weapon)
 b - a +0 sling
Missiles
 d - 3 throwing nets
 e - 5 javelins (quivered)
 k - 5 boomerangs
 n - 2 poisoned darts
Armour
 c - a +0 helmet (worn)
 f - a +0 ring mail (worn)
Jewellery
 h - a ring of flight (left hand)
 j - a ring of resist corrosion (right hand)
Scrolls
 g - a scroll of enchant armour {unknown}
 l - a scroll of poison {unknown}
 m - a scroll of vulnerability {unknown}
 q - a scroll of fog {unknown}
Potions
 i - a potion of heal wounds
 o - a potion of flight


   Skills:
 + Level 3.4 Fighting
 * Level 6.2 Polearms
 - Level 2.0 Throwing
 - Level 4.0 Dodging
 + Level 2.6 Stealth


You had 4 spell levels left.
You didn't know any spells.
Your spell library contained the following spells:

 Spells                   Type           Power      Damage    Failure   Level
 Poisonous Vapours        Pois/Air       0%         N/A       78%         2
 Mephitic Cloud           Conj/Pois/Air  0%         N/A       95%         3
 Freezing Cloud           Conj/Ice/Air   0%         6-21      100%        5


Dungeon Overview and Level Annotations

Branches:
Dungeon (3/15)

Altars:

Shops:
D:2 :

Annotations:
D:2 1 runed translucent door, Crazy Yiuf
D:3 Grinder


Innate Abilities, Weirdness & Mutations

((You are very nimble when in or above water. (Stealth+, EV+, Speed+++)))
Your lower body shifts to a powerful aquatic tail in water.


Message History

The hobgoblin shouts!
You reach to attack!
You puncture the hobgoblin!
You kill the hobgoblin!
No target in view!
You see here a hobgoblin corpse.
You see here a hobgoblin corpse.
Grinder comes into view.
Grinder shouts!
Press: ? - help, v - describe, . - travel
Here: Grinder The floor.
Throw: 6 javelins
Press: ? - help, Q - select action, (/) - cycle Shift-Dir - straight line, f - Grinder
Aim: Grinder (57% to hit)
You throw a javelin. The javelin pierces through Grinder.
Grinder is lightly wounded.
Grinder gestures at you. Pain shoots through your body!
You reach to attack!
You hit Grinder but do no damage.
Grinder is lightly wounded.
Grinder drinks a potion.
Grinder seems to grow stronger.
You reach to attack!
You closely miss Grinder.
Grinder is lightly wounded.
You hit Grinder.
Grinder is lightly wounded.
Grinder hits you but does no damage.
You puncture Grinder!
Grinder is moderately wounded.
Grinder hits you!
You writhe in agony.
You hit Grinder but do no damage.
Grinder is moderately wounded.
Grinder hits you!
* * * LOW HITPOINT WARNING * * *
You writhe in agony.
* * * LOW HITPOINT WARNING * * *
A red film seems to cover your vision as you go berserk!
You feel yourself moving faster!
You feel mighty! Grinder gestures at you. Pain shoots through your body!
You die...

#.###.###.#....#####
#.....†...#.........
.############.##.#.####.
...........##.##.#.# #.
.######.##.##.##.#.####.
.....##.##.##.........#.
........................
.#......##.##.##.#.####.
######@##.##..#.#.####.
....(.5........#........
.######.#......#......##
#.#..##.........##
#.#..##......#####
#.#..##......##### #..
....<......... ###
.##...#)######
..........)...


You could see Grinder (strong).

Vanquished Creatures
  An orc priest (D:3)
  Jessica (D:2)
  An orc wizard (D:3)
  3 adders
  2 dart slugs
  2 orcs (D:3)
  4 ball pythons
  3 bats
  4 endoplasms
  2 giant cockroaches
  A goblin (D:1)
  6 hobgoblins
  2 jackals (D:1)
  2 quokkas (D:1)
  2 frilled lizards (D:1)
  3 kobolds (D:1)
  5 rats
44 creatures vanquished.

Notes
Turn   | Place    | Note
-------+----------+-------------------------------------------
     0 | D:1      | porpoise the Merfolk Gladiator began the quest for the Orb.
     0 | D:1      | Reached XP level 1. HP: 16/16 MP: 1/1
   187 | D:1      | Reached XP level 2. HP: 21/23 MP: 2/2
   263 | D:1      | Reached skill level 1 in Stealth
   569 | D:1      | Reached XP level 3. HP: 28/28 MP: 3/3
  1129 | D:2      | Found Vinuky's Book Emporium.
  1166 | D:2      | Reached skill level 5 in Polearms
  1177 | D:2      | Found a faded altar of an unknown god.
  1445 | D:2      | Noticed Jessica
  1451 | D:2      | Killed Jessica
  1452 | D:2      | Reached XP level 4. HP: 35/35 MP: 4/4
  1695 | D:2      | Found a runed translucent door.
  1696 | D:2      | Noticed Crazy Yiuf
  2248 | D:3      | Reached XP level 5. HP: 33/41 MP: 5/5
  2252 | D:3      | Reached skill level 6 in Polearms
  2465 | D:3      | Noticed Grinder
  2472 | D:3      | Killed from afar by Grinder

Illustrated notes

Levels and vault maps discovered:
D:1:      amcnicky_arrival_underground_garden, layout_basic
D:2:      layout_basic, serial_shops, shop,
          hellmonk_ecumenical_altar_pennies_from_heaven, uniq_jessica,
          uniq_crazy_yiuf_cottage
D:3:      layout_basic, hellmonk_ghost_happy_afterlife, uniq_grinder

Skill      XL: |  1  2  3  4  5 |
---------------+----------------+-----
Stealth        | 1 2 |  2.6
Polearms       | 5 6 |  6.2
Fighting       | 3 |  3.4
Throwing       | |  2.0
Dodging        | |  4.0

Action                     |  1- 3 |  4- 6 || total
---------------------------+-------+-------++-------
  Melee: Trident           |    73 |    71 ||   144
         Punch             |     4 |       ||     4
   Fire: Sling             |    38 |     3 ||    41
  Throw: Javelin           |       |     1 ||     1
    Use: Scroll            |       |     3 ||     3
         Potion            |       |     1 ||     1
   Stab: Sleeping          |       |     1 ||     1
 Armour: Ring mail         |    24 |    22 ||    46
  Dodge: Dodged            |    44 |    21 ||    65
